 Dungeon Crawl Stone Soup version 0.30.1 (webtiles) character file.

Game seed: 7608531278439323278

229 GeoRichter the Chiller (level 5, -9/38 HPs)
             Began as a Draconian Ice Elementalist on July 8, 2023.
             Killed by divine providence
             ... invoked by an orc priest
              (16 damage)
             ... on level 4 of the Dungeon.
             The game lasted 00:05:44 (3477 turns).

GeoRichter the Chiller (Draconian Ice Elementalist) Turns: 3477, Time: 00:05:45

Health: -9/38      AC:  8    Str: 10    XL:     5   Next: 71%
Magic:  7/10       EV: 12    Int: 17    God:
Gold:   191        SH:  0    Dex: 12    Spells: 4/11 levels left

rFire   . . .        w - +4 quarterstaff (chaos)
rCold   . . .        (shield currently unavailable)
rNeg    . . .        (body armour unavailable)
rPois   +            (helmet restricted)
rElec   .            v - +1 cloak {rPois}
rCorr   .            (no gloves)
SInv    .            f - +0 pair of boots
Will    .....        n - amulet of regeneration
Stlth   ++           i - ring of wizardry
HPRegen 1.06/turn    (no ring)
MPRegen 0.12/turn

%: wizardry (x1)
@: no status effects
A: AC +5, unfitting armour, cold-blooded
a: no special abilities


You were on level 4 of the Dungeon.
You visited 1 branch of the dungeon, and saw 4 of its levels.

You collected 191 gold pieces.

Inventory:

Hand Weapons
 h - a +1 whip of holy wrath
   (You found it on level 1 of the Dungeon)
 w - a +4 quarterstaff of chaos (weapon)
   (You took it off Crazy Yiuf on level 3 of the Dungeon)
Missiles
 d - 6 poisoned darts (quivered)
Armour
 f - a +0 pair of boots (worn)
   (You found it on level 1 of the Dungeon)
 v - a +1 cloak of poison resistance (worn)
   (You took it off Crazy Yiuf on level 3 of the Dungeon)
Jewellery
 i - a ring of wizardry (left hand)
   (You found it on level 1 of the Dungeon)
 n - an amulet of regeneration (around neck)
   (You found it on level 2 of the Dungeon)
Wands
 r - a wand of mindburst (11)
   (You found it on level 3 of the Dungeon)
 y - a wand of flame (11)
   (You found it on level 4 of the Dungeon)
Scrolls
 c - 2 scrolls of identify {unknown}
 l - a scroll of enchant armour {unknown}
 m - 2 scrolls of noise {unknown}
 q - a scroll of fear {unknown}
 s - a scroll of teleportation {@r4}
 u - a scroll of vulnerability {unknown}
 x - a scroll of immolation {unknown}
Potions
 a - 2 potions of magic
 b - a potion of flight {unknown}
 e - 2 potions of might {unknown}
 g - 2 potions of curing {@q1}
 j - a potion of resistance {unknown}
 k - 2 potions of brilliance
 o - a potion of haste {unknown}
 p - a potion of degeneration {unknown}
 t - a potion of invisibility {unknown}


   Skills:
 - Level 1.7 Dodging
 - Level 1.7 Stealth
 + Level 3.5 Spellcasting
 * Level 6.2 Ice Magic


You had 4 spell levels left.
You knew the following spells:

 Your Spells              Type           Power      Damage    Failure   Level
a - Freeze                Ice            96%        1d10      1%          1
b - Frozen Ramparts       Ice            48%        1d8       1%          3
c - Ozocubu's Armour      Ice            24%        N/A       1%          3

Your spell library contained the following spells:

 Spells                   Type           Power      Damage    Failure   Level
 Summon Ice Beast         Ice/Summ       13%        N/A       17%         4
 Call Canine Familiar     Summ           2%         N/A       21%         3
 Portal Projectile        Hex/Tloc       4%         N/A       21%         3
 Leda's Liquefaction      Hex/Erth       1%         N/A       52%         4


Dungeon Overview and Level Annotations

Branches:
Dungeon (4/15) Zot: 20516
 Temple: D:4-7

Altars:
Elyvilon


Innate Abilities, Weirdness & Mutations

Your plain brown scales are hard. (AC +5)
You cannot fit into any form of body armour.
You are cold-blooded and may be slowed by cold attacks.


Message History

A goblin is nearby!
A goblin is nearby!
No target in view!
No target in view!
A ball python comes into view.
The ball python hisses angrily.
You hear a shout! x3
You closely miss the goblin.
Your tail-slap misses the goblin.
You hear a shout!
The goblin hits you but does no damage.
You hit the ball python.
You kill the ball python!
The goblin closely misses you.
You sock the goblin!
You kill the goblin!
No target in view!
An orc priest and an orc come into view.
The orc is wielding a +2 dagger of protection.
The orc priest moves out of view.
There is a stone staircase leading up here.
An orc is nearby!
An orc is nearby!
An orc is nearby!
Casting: Ozocubu's Armour (safe; 1% risk of failure)
Confirm with . or Enter, or press ? or * to list all spells.
Casting: Frozen Ramparts (safe; 1% risk of failure)
Press: ? - help, Dir - look around, f - activate The walls around you are covered in ice.
The wall freezes the orc but does no damage.
You closely miss the orc.
The orc priest miscasts a cantrip.
The wall freezes the orc!
You kill the orc!
An orc priest comes into view. It is wielding a +0 dagger.
The orc priest mumbles some strange prayers to Beogh against you.
Beogh smites you!
Unknown command.
Your frozen ramparts will break if you move.
Continue?
Okay, then.
Your frozen ramparts will break if you move.
Continue?
The frozen ramparts melt away as you move.
The orc priest invokes the aid of Beogh against you.
Pain shoots through your body!
* * * LOW HITPOINT WARNING * * *
The orc priest calls down the wrath of Beogh upon you.
Pain shoots through your body!
* * * LOW HITPOINT WARNING * * *
There is a stone staircase leading up here.
The orc priest calls down the wrath of Beogh upon you.
Beogh smites you!
You die...

##### .....
##.$.## # ##
##.....#.#
...#####........#
...............#
#.#####.@......#
#.#.....)......#
#......##.o.#..#
###.##.# #o.....
#####.##.# .####
#.....#... o#
#.#####..## # #.#
#..# ####.# ...#


You could see 2 orc priests and an orc.

Vanquished Creatures
  Crazy Yiuf (D:3)
  An orc priest (D:3)
  7 gnolls (D:3)
  3 adders
  A worm (D:2)
  2 dart slugs
  4 orcs
  3 bats
  8 endoplasms
  5 giant cockroaches
  7 goblins
  9 hobgoblins
  2 quokkas (D:1)
  5 ball pythons
  4 frilled lizards
  3 kobolds (D:1)
  2 rats
67 creatures vanquished.

Notes
Turn   | Place    | Note
-------+----------+-------------------------------------------
     0 | D:1      | GeoRichter the Draconian Ice Elementalist began the quest
                  | for the Orb.
     0 | D:1      | Reached XP level 1. HP: 14/14 MP: 3/3
   300 | D:1      | Reached XP level 2. HP: 19/20 MP: 3/5
   885 | D:1      | Reached XP level 3. HP: 26/26 MP: 4/6
  1406 | D:2      | Found a white marble altar of Elyvilon.
  1437 | D:2      | Learned a level 3 spell: Frozen Ramparts
  1441 | D:2      | Learned a level 3 spell: Ozocubu's Armour
  1664 | D:2      | Reached skill level 5 in Ice Magic
  1837 | D:2      | Reached XP level 4. HP: 33/33 MP: 6/8
  2535 | D:3      | Reached XP level 5. HP: 37/38 MP: 2/9
  2722 | D:3      | Reached skill level 6 in Ice Magic
  3060 | D:3      | Found a runed translucent door.
  3061 | D:3      | Noticed Crazy Yiuf
  3272 | D:3      | Killed Crazy Yiuf
  3477 | D:4      | Killed from afar by an orc priest

Illustrated notes

Levels and vault maps discovered:
D:1:      minmay_arrival_nine_rooms, layout_loops_ring
D:2:      layout_basic, basic_altar, minmay_octomino_j4
D:3:      layout_loops_ring, grunt_ministairs_12, uniq_crazy_yiuf_cottage
D:4:      layout_loops_ring, minmay_temple_entry_statues_fountains,
          eino_small_chamber_without_monster, minmay_checkerbox, uniq_edmund

Skill      XL: |  1  2  3  4  5 |
---------------+----------------+-----
Ice Magic      | 5 6 |  6.2
Spellcasting   | 3 |  3.5
Dodging        | |  1.7
Stealth        | |  1.7

Action                     |  1- 3 |  4- 6 || total
---------------------------+-------+-------++-------
  Melee: Whip              |     7 |    44 ||    51
         Tailslap          |     1 |     4 ||     5
         Quarterstaff      |       |     4 ||     4
  Throw: Boomerang         |       |     2 ||     2
   Cast: Freeze            |    61 |    14 ||    75
         Ozocubu's Armour  |       |     5 ||     5
         Frozen Ramparts   |       |     7 ||     7
    Use: Scroll            |       |     1 ||     1
         Potion            |       |     3 ||     3
 Armour: Skin              |    19 |    18 ||    37
  Dodge: Dodged            |    23 |    33 ||    56
